 Dungeon Crawl Stone Soup version 0.31-a0-154-g56bf346678 (webtiles) character file.

Game seed: 13645185882820622836

688 comborobin the Sneak (level 7, 0/43 HPs)
             Began as a Deep Elf Delver on June 11, 2023.
             Slain by a quasit (2 damage)
             ... on level 5 of the Dungeon.
             The game lasted 00:05:23 (3073 turns).

comborobin the Sneak (Deep Elf Delver)              Turns: 3073, Time: 00:05:24

Health: 0/43       AC:  4    Str:  9    XL:     7   Next: 36%
Magic:  9/9        EV:  2    Int: 15    God:
Gold:   165        SH:  0    Dex: -2 (18) Spells: 6/6 levels left

rFire   . . .        j - +2 short sword (holy)
rCold   . . .        (no shield)
rNeg    . . .        i - +0 leather armour
rPois   .            o - +0 helmet
rElec   .            (no cloak)
rCorr   .            (no gloves)
SInv    .            (no boots)
Will    +....        (no amulet) Stlth
                     (no ring)
HPRegen 0.27/turn    (no ring)
MPRegen 0.11/turn

%: no passive effects
@: enlightened, flying, slowed, lost dexterity, very slow
A: no striking features
a: no special abilities


You were on level 5 of the Dungeon.
You visited 1 branch of the dungeon, and saw 7 of its levels.

You collected 165 gold pieces.

Inventory:

Hand Weapons
 a - a +1 dagger of venom
 b - a +0 short sword of draining
 j - a +2 short sword of holy wrath (weapon)
 m - a +0 sling
 n - a +1 vampiric dagger
 B - a +0 rapier
Missiles
 k - 2 throwing nets
Armour
 i - a +0 leather armour (worn)
 l - a +2 ring mail of fire resistance
 o - a +0 helmet (worn)
Magical Staves
 y - a staff of air
Jewellery
 r - a ring of ice
Scrolls
 c - a scroll of fog
 e - 2 scrolls of fear
 h - 4 scrolls of identify
 p - a scroll of poison {unknown}
 q - a scroll of blinking {unknown}
 v - a scroll of enchant armour {unknown}
 w - a scroll of acquirement {unknown}
 z - a scroll of noise {unknown}
 A - a scroll of teleportation {unknown}
 C - a scroll of silence {unknown}
Potions
 f - a potion of haste
 s - a potion of brilliance {unknown}
 u - a potion of berserk rage {unknown}
 x - a potion of magic {unknown}


   Skills:
 + Level 4.3 Fighting
 + Level 4.7 Short Blades
 + Level 3.0 Ranged Weapons
 + Level 5.6 Dodging
 - Level 6.5 Stealth


You had 6 spell levels left.
You didn't know any spells.
Your spell library was empty.

Dungeon Overview and Level Annotations

Branches:
Dungeon (7/15)
 Temple: D:4-7

Altars:
Elyvilon
Fedhas
Zin
The Shining One

Shops:
D:5 **


Message History

The quasit barely misses you.
You closely miss the quasit.
The quasit is almost dead.
The quasit bites you.
* * * LOW HITPOINT WARNING * * *
You feel clumsy.
You have lost your dexterity.
The quasit claws you.
* * * LOW HITPOINT WARNING * * *
The quasit claws you.
* * * LOW HITPOINT WARNING * * *
You feel clumsy.
The quasit bites you but does no damage.
The quasit claws you.
* * * LOW HITPOINT WARNING * * *
The quasit claws you but does no damage.
The quasit bites you but does no damage.
The quasit claws you but does no damage. x2
The quasit bites you but does no damage.
The quasit claws you but does no damage. x2
The quasit bites you but does no damage.
The quasit claws you but does no damage.
The quasit claws you.
* * * LOW HITPOINT WARNING * * *
The quasit bites you but does no damage.
The quasit claws you but does no damage. x2
You can move again.
Unknown command.
You miss the quasit.
The quasit is almost dead.
The quasit bites you but does no damage.
The quasit claws you.
* * * LOW HITPOINT WARNING * * *
The quasit claws you.
* * * LOW HITPOINT WARNING * * *
The quasit bites you but does no damage.
The quasit claws you.
* * * LOW HITPOINT WARNING * * *
You feel clumsy. The quasit claws you.
You die...

.#*,* *,.....**,#..##.# .#*,*
*,,,...**,#...#.# .#*,*
*****#.####.#.#.########*
##*,*****,*#..................*
*,**,,,,*##.....#.##########*
*,**,#..##..###...#
*,**,#..##.#..##.[#
***>**,...##.#".$#.†#
,**,***#..##.#)∩@#..#
,**,**##..##)#$.$5..##
,**,,,,.gg*#)##.##...#
*******#)#*#..###....# ***
#)####.....##.# *,*
#.).g.)...###.#
***,***#########.#*#.#
,,,,*,,,,,,,,,*#.#*..#
**,,*,,,,****,*#.#*.##


You could see a quasit.

Vanquished Creatures
  Grinder (D:3)
  2 phantoms
  A scorpion (D:4)
  A quasit (D:5)
  2 hounds
  A gnoll bouda (D:5)
  Robin (D:2)
  7 gnolls
  An adder (D:4)
  A worm (D:4)
  2 dart slugs
  3 orcs
  5 ball pythons
  6 bats
  8 endoplasms
  5 giant cockroaches
  11 goblins
  4 hobgoblins (D:2)
  5 quokkas
  8 kobolds
  7 rats
82 creatures vanquished.

Notes
Turn   | Place    | Note
-------+----------+-------------------------------------------
     0 | D:5      | comborobin the Deep Elf Delver began the quest for the Orb.
     0 | D:5      | Reached XP level 1. HP: 13/13 MP: 3/3
    15 | D:7      | Noticed a killer bee
    15 | D:7      | Noticed a killer bee
    15 | D:7      | Noticed a bullfrog
    16 | D:7      | Noticed a killer bee
    16 | D:7      | Noticed a killer bee
   112 | D:4      | Found a glowing silver altar of Zin.
   119 | D:4      | Found a glowing golden altar of the Shining One.
   119 | D:4      | Found a white marble altar of Elyvilon.
   146 | D:4      | Noticed a scorpion
   150 | D:4      | Killed a scorpion
   151 | D:4      | Reached XP level 2. HP: 18/18 MP: 4/4
   151 | D:4      | Reached XP level 3. HP: 22/22 MP: 5/5
   170 | D:4      | Noticed a phantom
   258 | D:3      | Reached XP level 4. HP: 20/27 MP: 6/6
   392 | D:3      | Found a blossoming altar of Fedhas.
   505 | D:3      | Noticed Grinder
   539 | D:3      | Killed Grinder
   540 | D:3      | Reached XP level 5. HP: 8/32 MP: 7/7
   545 | D:3      | Reached XP level 6. HP: 10/37 MP: 8/8
  1141 | D:2      | Noticed Robin
  1172 | D:2      | Killed Robin
  1346 | D:1      | Reached skill level 1 in Ranged Weapons
  2297 | D:4      | Reached skill level 5 in Dodging
  2716 | D:5      | Found Xewkuer's Specific Store.
  2718 | D:5      | Found Dezur's General Store.
  2815 | D:5      | Reached XP level 7. HP: 19/43 MP: 9/9
  3068 | D:5      | Lost dexterity.
  3073 | D:5      | HP: 2/43 [quasit (1)]
  3073 | D:5      | Slain by a quasit

Illustrated notes

Levels and vault maps discovered:
D:1:      reono_arrival_forest_river, layout_rooms
D:2:      layout_loops_ring, uniq_robin
D:3:      layout_basic, mainiacjoe_overflow_cross_hatched, uniq_grinder
D:4:      layout_gridville, dreamdust_divine_triumvirate, enter_ossuary_5,
          chequers_serial_rivers_large_b
D:5:      cheibrodos_quashed, layout_basic, nicolae_specific_store,
          dk_vineyard_1
D:6:      layout_loops_ring, minmay_temple_entry_nine_rooms, serial_shops, shop
D:7:      layout_basic, nicolae_gozag_cash_rules_everything_around_me,
          mainiacjoe_overflow_paths, mainiacjoe_overflow_surrounded_room,
          uniq_prince_ribbit1

Skill      XL: |  1  2  3  4  5  6  7 |
---------------+----------------------+-----
Dodging        | 3 4 5 |  5.6
Fighting       | 3 4 |  4.3
Short Blades   | 3 4 |  4.7
Ranged Weapons | 2 3 |  3.0
Stealth        | |  6.5

Action                     |  1- 3 |  4- 6 |  7- 9 || total
---------------------------+-------+-------+-------++-------
  Melee: Dagger            |    26 |   165 |    35 ||   226
         Punch             |     1 |     3 |     1 ||     5
         Short sword       |       |    46 |    37 ||    83
  Evoke: Wand              |       |     2 |     1 ||     3
    Use: Scroll            |     1 |     1 |       ||     2
         Potion            |       |     3 |     3 ||     6
   Stab: Sleeping          |     2 |    20 |       ||    22
 Armour: Leather armour    |    10 |    23 |    57 ||    90
  Dodge: Dodged            |    18 |    91 |    90 ||   199

Table legend: (Time is in decaauts)
 A = Elapsed time spent in this place.
 B = Non-inter-level travel time spent in this place.
 C = Inter-level travel time spent in this place.
 D = Time resting spent in this place.
 E = Time spent auto-exploring this place.
 F = Levels seen in this place.
 G = Mean time per level.
                   A        B        C        D        E       F      G
               +--------+--------+--------+--------+--------+-----+--------+
         Total |   3015 |   2840 |    175 |    174 |   1824 |   7 |  430.7 |
       Dungeon |   3015 |   2840 |    175 |    174 |   1824 |   7 |  430.7 |
               +--------+--------+--------+--------+--------+-----+--------+

Top non-repeatable levels by time:
     D:2: 982 daAuts
     D:3: 777 daAuts
     D:4: 731 daAuts
     D:5: 345 daAuts
     D:1: 157 daAuts
     D:6: 19 daAuts
     D:7: 1 daAuts
